Map: Port Aleksander LE

Players

Mesrob - Winner!

  • Race: Terran Terran
  • Spawn Location: 11:00

CheatedByPnZ

  • Race: Terran Terran
  • League: Gold
  • Spawn Location: 5:00

VOD

Have the link to the VOD?

Description

Time

  • Played on: Jan. 9, 2019, 4:34 p.m.
  • Length: 13:30
Show
View Real Time Build Order
Export as new Build Order

Mesrob Terran - Winner!

Build Orders: 2 Factory, Mech 

Get SALT Encoding   

  12  0:00  SCV  
  13  0:12  SCV  
  14  0:18  Supply Depot  
  14  0:25  SCV  
  15  0:40  SCV  
  15  0:41  Barracks  
  16  0:52  SCV  
  17  1:02  Refinery  
  18  1:04  SCV  
  18  1:08  Supply Depot  
  18  1:16  SCV  
  19  1:33  Orbital Command  
  19  1:39  Engineering Bay  
  19  1:42  Barracks Tech Lab  
  19  1:50  Refinery  
  19  1:59  SCV  
  20  2:10  Command Center  
  20  2:15  Marine  
  20  2:28  Factory  
  20  2:31  SCV  
  21  2:43  SCV  
  22  2:49  Barracks Tech Lab  
  22  2:55  SCV  
  23  3:02  Supply Depot  
  23  3:07  SCV  
  24  3:17  Barracks Reactor  
  24  3:19  Factory  
  24  3:22  Siege Tank  
  24  3:25  Orbital Command  
  27  3:29  Supply Depot  
  27  3:42  Missile Turret  
  27  3:43  SCV  
  28  3:53  Marine  
  28  3:54  Marine, Siege Tank  
  33  3:56  Orbital Command  
  33  4:16  Marine x2  
  35  4:17  Supply Depot  
  35  4:18  Siege Tank  
  38  4:27  SCV x2  
  40  4:35  Marine x2  
  42  4:39  SCV x2  
  42  4:40  Supply Depot  
  42  4:44  Siege Tank  
  47  4:53  Marine  
  48  5:02  SCV x2  
  48  5:04  Armory  
  50  5:13  Hellion  
  52  5:14  SCV  
  52  5:19  Factory  
  53  5:28  Missile Turret  
  53  5:43  Hellion x2  
  56  5:53  Supply Depot  
  56  6:04  Barracks Reactor  
  56  6:08  Factory  
  56  6:12  Hellbat x2  
  56  6:15  Supply Depot  
  56  6:17  Siege Tank  
  63  6:21  SCV x2  
  65  6:33  SCV x2  
  65  6:38  Refinery  
  65  6:39  Command Center  
  67  6:45  SCV x2  
  69  6:57  SCV x2  
  71  7:01  Refinery  
  71  7:06  Factory Reactor  
  71  7:07  Thor  
  77  7:12  Supply Depot  
  77  7:13  Terran Vehicle Weapons Level 1  
  77  7:20  Hellbat x3  
  83  7:26  Armory  
  75  7:42  Hellbat x3  
  74  7:50  Hellbat  
  70  8:03  Hellbat  
  66  8:17  Widow Mine  
  66  8:18  Thor  
  66  8:19  Hellbat x3  
  78  8:23  Planetary Fortress  
  78  8:24  Hellbat  
  80  8:29  SCV  
  80  8:30  SCV  
  82  8:41  SCV  
  82  8:42  SCV  
  82  8:44  Marine x2  
  86  8:54  Hellbat x5, SCV x2  
  98  9:01  Hellbat  
  100  9:06  SCV  
  100  9:09  SCV  
  102  9:13  SCV  
  102  9:15  Hellbat x2, Thor  
  113  9:18  SCV  
  113  9:21  SCV  
  115  9:25  SCV  
  115  9:26  Refinery  
  115  9:30  SCV  
  117  9:32  Supply Depot  
  117  9:43  SCV  
  117  9:44  Hellbat  
  117  9:48  Hellbat  
  117  9:51  Refinery  
  117  9:53  SCV x2  
  117  9:55  Supply Depot  
  117  9:56  SCV  
  118  10:03  Thor  
  124  10:16  Supply Depot  
  124  10:17  Hellbat x4  
  128  10:22  Supply Depot  
  128  10:24  Thor  
  120  10:38  Hellbat x4  
  120  10:39  Supply Depot  
  120  10:41  Marine  
  120  10:42  Marine  
  126  10:46  Thor  
  128  10:51  Supply Depot  
  124  10:59  Marine x2  
  126  11:07  Missile Turret, Thor  
  126  11:10  Missile Turret  
  132  11:13  Missile Turret  
  132  11:15  Missile Turret  
  132  11:17  Marine x2  
  134  11:22  Missile Turret  
  134  11:27  Missile Turret  
  134  11:28  Thor  
  122  11:50  Thor  
  124  12:11  Thor  
  130  12:27  Hellbat  
  127  12:30  Hellbat x3  
  127  12:32  Thor  
  135  12:48  Hellbat  
  134  12:51  Hellbat x2  
Show
View Real Time Build Order
Export as new Build Order

CheatedByPnZ Terran 

Build Orders:  

Get SALT Encoding   

  12  0:01  SCV  
  13  0:13  SCV  
  14  0:18  Supply Depot  
  14  0:25  SCV  
  15  0:40  SCV  
  16  0:45  Barracks  
  16  0:56  SCV  
  17  0:57  Barracks  
  17  1:05  Refinery  
  17  1:08  SCV  
  18  1:21  SCV  
  19  1:32  Marine  
  21  1:45  Marine  
  21  1:50  Marine  
  22  2:02  SCV  
  23  2:15  Command Center  
  23  2:47  Supply Depot  
  23  2:49  Supply Depot  
  23  2:50  Barracks  
  23  2:51  Factory  
  23  2:52  Refinery  
  23  3:03  Refinery  
  23  3:06  Orbital Command  
  23  3:32  Marine x2, SCV  
  26  3:36  Refinery  
  26  3:38  Factory Tech Lab  
  27  3:48  SCV  
  27  3:49  Marine x2  
  29  4:01  Starport  
  29  4:08  Barracks Tech Lab  
  29  4:47  SCV  
  29  4:48  Orbital Command  
  29  4:51  Siege Tank  
  29  4:52  Starport Tech Lab  
  33  5:00  Supply Depot, SCV  
  34  5:12  SCV  
  34  5:13  Engineering Bay  
  35  5:14  SCV  
  35  5:17  Armory  
  35  5:20  Fusion Core  
  36  5:24  SCV  
  36  5:27  SCV  
  38  5:33  Marauder  
  40  5:36  SCV  
  40  5:37  Marine  
  40  5:39  SCV  
  40  5:40  Marine  
  44  5:50  Siege Tank  
  44  5:54  Marauder  
  44  5:56  Stimpack  
  49  6:16  Starport  
  49  6:17  Starport  
  49  6:25  SCV x2  
  51  6:37  SCV x2  
  53  6:41  Marauder  
  55  6:49  SCV x2  
  60  6:58  Supply Depot x2  
  60  7:00  Starport Tech Lab, Starport Reactor  
  60  7:02  Marauder  
  60  7:07  Starport Reactor  
  59  7:08  Starport Tech Lab  
  59  7:10  Siege Tank  
  62  7:17  Terran Vehicle Weapons Level 1  
  62  7:19  Marine x2, Terran Infantry Weapons Level 1, SCV x2  
  66  7:25  Marine  
  66  7:27  Advanced Ballistics  
  67  7:31  SCV  
  58  7:37  Marine x2  
  58  7:43  Marine  
  49  8:00  Marine  
  46  8:18  Marine  
  58  8:36  Marine  
  58  8:38  Barracks  
  58  8:39  Barracks  
  58  8:43  Barracks  
  58  8:54  Marine  
  58  8:55  Battlecruiser x2  
  61  8:56  Viking, Medivac  
  61  8:58  SCV  
  66  9:03  Command Center  
  66  9:08  Refinery  
  66  9:10  SCV x2  
  66  9:11  Refinery, Terran Ship Weapons Level 1  
  66  9:12  Marine  
  66  9:14  Terran Infantry Armor Level 1  
  69  9:22  SCV  
  69  9:23  SCV  
  71  9:30  Marine  
  70  9:46  Supply Depot x2  
Tags
 
Composition
Mech
League
Gold
Matchup
TvT
Opening
2 Factory
Race
Terran
Replay Pack
sc2 replays
Spawn Locations
Cross Positions
Add a new tag
Caveats
  • Supply blocks, unpowered buildings, or Contaminate may cause inaccurate times.
  • Supply counts are checked every 10 seconds.